Connexion

MINNESOTA Wild vs SAN JOSE Sharks

Created - 1 novembre 2023 at 05:48

Goals
1 2 3 T
MINNESOTA Wild 2 0 1 3
SAN JOSE Sharks 0 1 1 2
Shots
1 2 3 T
MINNESOTA Wild 10 6 12 28
SAN JOSE Sharks 5 13 8 26

GoalsPenalties
1st period
1. MINNESOTA Wild , Frank Vatrano 14 (Nick Bjugstad 21, Will Butcher 18) at 4:44 (PP)
2. MINNESOTA Wild , Nick Bjugstad 13 (Jordan Eberle 16, Kyle Connor 26) at 8:25
Erik Haula (S.J) for Hooking (Minor) at 3:06
Victor Mete (MIN) for Tripping (Minor) at 13:53
2nd period
3. SAN JOSE Sharks , Lucas Raymond 5 (Erik Haula 7, Connor Brown 6) at 1:43
Mike Matheson (MIN) for Hooking (Minor) at 10:40
Nathan Beaulieu (S.J) for Tripping (Minor) at 17:50
Kyle Connor (MIN) for Tripping (Minor) at 17:50
3rd period
4. SAN JOSE Sharks , Connor Brown 5 (Lucas Raymond 6, Cody Ceci 6) at 6:21
5. MINNESOTA Wild , Tyler Toffoli 8 (Mike Matheson 11, Jordan Greenway 11) at 18:49
No Penalty
Goalie Stats
Scott Wedgewood (MIN), 24 saves from 26 shots - (0,923), W, 7-3-2, 60:00 minutes
Jake Oettinger (S.J), 25 saves from 28 shots - (0,893), L, 10-8-0, 59:34 minutes
3 StarsOfficial
1 - Nick Bjugstad (MIN)
2 - Lucas Raymond (S.J)
3 - Connor Brown (S.J)
Referees : Dan Marouelli and Chris Ciamaga
Linesman : Mark Shewchyk and Scott Cherrey
Game Note
No Game Note
Finance
Level 1 -- Attendance: 6000 (100,00%) -- Ticket Income 750 000 $
Level 2 -- Attendance: 4042 (89,90%) -- Ticket Income 359 738 $
Level 3 -- Attendance: 1798 (89,90%) -- Ticket Income 98 890 $
Level 4 -- Attendance: 2851 (71,28%) -- Ticket Income 114 040 $
Luxury Box -- Attendance: 908 (90,80%) -- Ticket Income 219 736 $
Game was played at the HP Pavilion.
Total Attendance: 15599 (89,16%)
Total Ticket Income: 1 542 404 $
Other Income: 308 481 $
Total Income: 1 850 885 $



Team Name Goals Shots Shots Attemp Shots Blocked PIM HIT PP PK FO%
MINNESOTA Wild 3287176211 / 1 (100%)049%
SAN JOSE Sharks 22653124200 / 2 (0%)151%

MINNESOTA Wild
Player Name POS G A P +/- PIM HIT SHT SB MP PP MP PP SHT PK MP PK SHT FO% FOT
Casey FitzgeraldD0000020018:360:0001:5900% 0
Christian DvorakC/LW000000004:320:0000:0000% 0
Danton HeinenC/LW/RW000-1033016:580:5900:0000% 1
Frank VatranoC/LW/RW101-1016116:380:3910:00043% 21
Jordan EberleC/RW0111001020:310:5901:00043% 21
Jordan GreenwayLW/RW0110023014:510:0000:1800% 0
Kevin RooneyC000001006:410:0000:58043% 7
Kyle ConnorLW0111202018:580:5900:0000% 1
Marko DanoC/LW/RW000000205:200:0000:000100% 2
Mike MathesonD0111211123:370:5900:5900% 0
Nick BjugstadC/RW1121022120:090:3900:580100% 2
Ryan MurrayD0001031023:590:5901:5900% 0
Scott LaughtonC/LW0000002017:240:0002:42055% 20
Ty SmithD0000000117:580:3900:4200% 0
Tyler ToffoliLW/RW1010002015:220:0002:00067% 3
Victor MeteD000-1230117:450:0001:0000% 0
Viktor ArvidssonLW/RW000-1011016:380:3900:0000% 0
Will ButcherD011-1022218:030:3901:1700% 0
SAN JOSE Sharks
Player Name POS G A P +/- PIM HIT SHT SB MP PP MP PP SHT PK MP PK SHT FO% FOT
Brendan PerliniLW/RW000001007:540:1200:0000% 0
Christian JarosD000-1001119:131:4300:3700% 0
Cody CeciD0111000216:120:1200:0000% 0
Connor BrownRW1122001010:480:1200:0000% 0
Derek StepanC/LW/RW000-1003022:111:5811:010100% 2
Erik HaulaC/LW0112201110:350:0000:00062% 13
Josh AndersonRW000002107:480:0000:0600% 0
Lucas RaymondLW1122002110:480:1200:00050% 2
Marcus PetterssonD0000000025:132:0301:0100% 0
Michael McLeodC000001017:420:0000:00050% 6
Mike HoffmanC/LW000-1002017:261:4800:0000% 2
Nathan BeaulieuD000-1221218:341:4310:3700% 0
Ondrej PalatLW000-1047022:201:5810:37067% 3
Rasmus RistolainenD0000021225:132:0301:0100% 0
Sean Couturier C000-1001017:261:4800:00044% 18
Tom WilsonRW000-1032019:101:4801:0100% 2
Vincent DesharnaisD0001030215:340:1200:0000% 0
Zemgus GirgensonsC/LW/RW000-1023022:141:5800:31053% 30



Play-by-Play

1st period


0:01 of 1st period - Zemgus Girgensons wins face-off versus Jordan Eberle in neutral zone.
0:03 of 1st period - Ondrej Palat is hit by Mike Matheson and loses puck.
0:21 of 1st period - Shot by Ondrej Palat.
0:21 of 1st period - Shot Misses the Net.
0:46 of 1st period - Icing by Rasmus Ristolainen.
0:47 of 1st period - Zemgus Girgensons wins face-off versus Frank Vatrano in SAN JOSE Sharks zone.
0:47 of 1st period - Zemgus Girgensons is hit by Danton Heinen.
1:23 of 1st period - Shot by Danton Heinen.
1:23 of 1st period - Shot Misses the Net.
2:05 of 1st period - Shot by Jordan Greenway.
2:05 of 1st period - Stopped by Jake Oettinger without a rebound.
2:06 of 1st period - Scott Laughton wins face-off versus Lucas Raymond in SAN JOSE Sharks zone.
2:37 of 1st period - Erik Haula is hit by Jordan Greenway and loses puck.
3:06 of 1st period - Minor Penalty to Erik Haula for Hooking.
3:07 of 1st period - Jordan Eberle wins face-off versus Zemgus Girgensons in SAN JOSE Sharks zone.
3:20 of 1st period - Shot by Mike Matheson.
3:20 of 1st period - Shot Misses the Net.
3:34 of 1st period - Shot by Ryan Murray.
3:34 of 1st period - Shot Blocked by Rasmus Ristolainen.
3:52 of 1st period - Ondrej Palat is hit by Danton Heinen and loses puck.
4:26 of 1st period - Shot by Viktor Arvidsson.
4:26 of 1st period - Shot Misses the Net.
4:38 of 1st period - Shot by Frank Vatrano.
4:38 of 1st period - Shot Misses the Net.
4:40 of 1st period - Shot by Frank Vatrano.
4:40 of 1st period - Shot Misses the Net.
4:42 of 1st period - Shot by Will Butcher.
4:42 of 1st period - Shot Misses the Net.
4:44 of 1st period - Shot by Nick Bjugstad.
4:44 of 1st period - Deflect By Frank Vatrano.
4:44 of 1st period - Goal by Frank Vatrano - MINNESOTA Wild : 1 - SAN JOSE Sharks : 0.
4:45 of 1st period - Michael McLeod wins face-off versus Kevin Rooney in neutral zone.
5:46 of 1st period - Shot by Lucas Raymond.
5:46 of 1st period - Shot Misses the Net.
5:58 of 1st period - Shot by Erik Haula.
5:58 of 1st period - Deflect By Lucas Raymond.
5:58 of 1st period - Shot Misses the Net.
7:11 of 1st period - Shot by Kyle Connor.
7:11 of 1st period - Stopped by Jake Oettinger without a rebound.
7:12 of 1st period - Frank Vatrano wins face-off versus Zemgus Girgensons in SAN JOSE Sharks zone.
7:25 of 1st period - Frank Vatrano is hit by Zemgus Girgensons and loses puck.
7:34 of 1st period - Shot by Zemgus Girgensons.
7:34 of 1st period - Shot Misses the Net.
7:36 of 1st period - Shot by Derek Stepan.
7:36 of 1st period - Deflect By Zemgus Girgensons.
7:36 of 1st period - Stopped by Scott Wedgewood without a rebound.
7:37 of 1st period - Scott Laughton wins face-off versus Michael McLeod in MINNESOTA Wild zone.
7:37 of 1st period - Scott Laughton is hit by Josh Anderson.
7:53 of 1st period - Shot by Jordan Greenway.
7:53 of 1st period - Stopped by Jake Oettinger without a rebound.
7:54 of 1st period - Zemgus Girgensons wins face-off versus Jordan Eberle in SAN JOSE Sharks zone.
7:54 of 1st period - Zemgus Girgensons is hit by Nick Bjugstad.
8:12 of 1st period - Nick Bjugstad is hit by Ondrej Palat and loses puck.
8:25 of 1st period - Shot by Nick Bjugstad.
8:25 of 1st period - Goal by Nick Bjugstad - MINNESOTA Wild : 2 - SAN JOSE Sharks : 0.
8:26 of 1st period - Frank Vatrano wins face-off versus Sean Couturier in neutral zone.
9:56 of 1st period - Shot by Ondrej Palat.
9:56 of 1st period - Stopped by Scott Wedgewood without a rebound.
9:57 of 1st period - Scott Laughton wins face-off versus Erik Haula in MINNESOTA Wild zone.
10:08 of 1st period - Shot by Will Butcher.
10:08 of 1st period - Shot Misses the Net.
10:10 of 1st period - Shot by Jordan Greenway.
10:10 of 1st period - Shot Misses the Net.
10:12 of 1st period - Shot by Will Butcher.
10:12 of 1st period - Stopped by Jake Oettinger with a rebound.
10:31 of 1st period - Icing by Will Butcher.
10:32 of 1st period - Scott Laughton wins face-off versus Sean Couturier in MINNESOTA Wild zone.
10:44 of 1st period - Icing by Tom Wilson.
10:45 of 1st period - Jordan Eberle wins face-off versus Sean Couturier in SAN JOSE Sharks zone.
10:46 of 1st period - Shot by Nick Bjugstad.
10:46 of 1st period - Shot Blocked by Rasmus Ristolainen.
10:58 of 1st period - Shot by Mike Hoffman.
10:58 of 1st period - Stopped by Scott Wedgewood without a rebound.
10:59 of 1st period - Frank Vatrano wins face-off versus Zemgus Girgensons in MINNESOTA Wild zone.
11:08 of 1st period - Shot by Ondrej Palat.
11:08 of 1st period - Stopped by Scott Wedgewood without a rebound.
11:09 of 1st period - Jordan Eberle wins face-off versus Sean Couturier in MINNESOTA Wild zone.
11:16 of 1st period - Shot by Nick Bjugstad.
11:16 of 1st period - Shot Misses the Net.
11:35 of 1st period - Off-side.
11:36 of 1st period - Frank Vatrano wins face-off versus Ondrej Palat in neutral zone.
11:39 of 1st period - Shot by Frank Vatrano.
11:39 of 1st period - Stopped by Jake Oettinger without a rebound.
11:40 of 1st period - Zemgus Girgensons wins face-off versus Frank Vatrano in SAN JOSE Sharks zone.
11:40 of 1st period - Zemgus Girgensons is hit by Danton Heinen.
11:47 of 1st period - Nathan Beaulieu is hit by Viktor Arvidsson and loses puck.
13:32 of 1st period - Mike Hoffman is hit by Victor Mete.
13:46 of 1st period - Shot by Tyler Toffoli.
13:46 of 1st period - Shot Blocked by Cody Ceci.
13:53 of 1st period - Minor Penalty to Victor Mete for Tripping.
13:54 of 1st period - Ondrej Palat wins face-off versus Scott Laughton in MINNESOTA Wild zone.
16:25 of 1st period - Shot by Josh Anderson.
16:25 of 1st period - Stopped by Scott Wedgewood without a rebound.
16:26 of 1st period - Erik Haula wins face-off versus Kevin Rooney in MINNESOTA Wild zone.
16:27 of 1st period - Shot by Lucas Raymond.
16:27 of 1st period - Shot Misses the Net.
16:42 of 1st period - Off-side.
16:43 of 1st period - Jordan Eberle wins face-off versus Sean Couturier in neutral zone.
17:16 of 1st period - Shot by Kyle Connor.
17:16 of 1st period - Shot Misses the Net.
17:43 of 1st period - Icing by Tom Wilson.
17:44 of 1st period - Sean Couturier wins face-off versus Scott Laughton in SAN JOSE Sharks zone.
18:01 of 1st period - Shot by Tyler Toffoli.
18:01 of 1st period - Shot Misses the Net.
18:03 of 1st period - Shot by Will Butcher.
18:03 of 1st period - Shot Misses the Net.
18:05 of 1st period - Shot by Jordan Greenway.
18:05 of 1st period - Shot Blocked by Nathan Beaulieu.
18:07 of 1st period - Shot by Tyler Toffoli.
18:07 of 1st period - Stopped by Jake Oettinger with a rebound.
18:09 of 1st period - Shot by Will Butcher.
18:09 of 1st period - Stopped by Jake Oettinger without a rebound.
18:10 of 1st period - Frank Vatrano wins face-off versus Erik Haula in SAN JOSE Sharks zone.
18:31 of 1st period - Shot by Danton Heinen.
18:31 of 1st period - Shot Misses the Net.
18:33 of 1st period - Shot by Frank Vatrano.
18:33 of 1st period - Stopped by Jake Oettinger without a rebound.
18:34 of 1st period - Zemgus Girgensons wins face-off versus Jordan Eberle in SAN JOSE Sharks zone.
18:48 of 1st period - Kyle Connor is hit by Zemgus Girgensons and loses puck.
19:08 of 1st period - Icing by Ryan Murray.
19:09 of 1st period - Sean Couturier wins face-off versus Jordan Eberle in MINNESOTA Wild zone.
19:34 of 1st period - Shot by Tom Wilson.
19:34 of 1st period - Shot Misses the Net.
Goals for this period are 2 for MINNESOTA Wild vs 0 for SAN JOSE Sharks .
Shots for this period are 10 for MINNESOTA Wild vs 5 for SAN JOSE Sharks .

2nd period


0:01 of 2nd period - Jordan Eberle wins face-off versus Zemgus Girgensons in neutral zone.
0:01 of 2nd period - Ryan Murray is hit by Ondrej Palat.
0:03 of 2nd period - Shot by Nick Bjugstad.
0:03 of 2nd period - Stopped by Jake Oettinger without a rebound.
0:04 of 2nd period - Zemgus Girgensons wins face-off versus Jordan Eberle in SAN JOSE Sharks zone.
0:12 of 2nd period - Zemgus Girgensons is hit by Ryan Murray and loses puck.
1:43 of 2nd period - Shot by Lucas Raymond.
1:43 of 2nd period - Goal by Lucas Raymond - MINNESOTA Wild : 2 - SAN JOSE Sharks : 1.
1:44 of 2nd period - Sean Couturier wins face-off versus Scott Laughton in neutral zone.
1:46 of 2nd period - Mike Hoffman is hit by Victor Mete.
1:48 of 2nd period - Shot by Tom Wilson.
1:48 of 2nd period - Stopped by Scott Wedgewood without a rebound.
1:49 of 2nd period - Scott Laughton wins face-off versus Tom Wilson in MINNESOTA Wild zone.
1:49 of 2nd period - Scott Laughton is hit by Tom Wilson.
2:13 of 2nd period - Shot by Scott Laughton.
2:13 of 2nd period - Shot Blocked by Vincent Desharnais.
2:19 of 2nd period - Shot by Scott Laughton.
2:19 of 2nd period - Shot Misses the Net.
2:30 of 2nd period - Scott Laughton is hit by Vincent Desharnais and loses puck.
2:50 of 2nd period - Off-side.
2:51 of 2nd period - Marko Dano wins face-off versus Zemgus Girgensons in neutral zone.
3:23 of 2nd period - Icing by Marko Dano.
3:24 of 2nd period - Kevin Rooney wins face-off versus Michael McLeod in MINNESOTA Wild zone.
3:24 of 2nd period - Ty Smith is hit by Josh Anderson and loses puck.
3:40 of 2nd period - Shot by Christian Jaros.
3:40 of 2nd period - Stopped by Scott Wedgewood without a rebound.
3:41 of 2nd period - Erik Haula wins face-off versus Jordan Eberle in MINNESOTA Wild zone.
5:00 of 2nd period - Icing by Victor Mete.
5:01 of 2nd period - Zemgus Girgensons wins face-off versus Frank Vatrano in MINNESOTA Wild zone.
5:04 of 2nd period - Shot by Nathan Beaulieu.
5:04 of 2nd period - Shot Blocked by Victor Mete.
5:07 of 2nd period - Icing by Frank Vatrano.
5:08 of 2nd period - Ondrej Palat wins face-off versus Frank Vatrano in MINNESOTA Wild zone.
5:08 of 2nd period - Ondrej Palat is hit by Will Butcher.
5:11 of 2nd period - Zemgus Girgensons is hit by Will Butcher.
5:13 of 2nd period - Shot by Derek Stepan.
5:13 of 2nd period - Stopped by Scott Wedgewood with a rebound.
5:22 of 2nd period - Shot by Danton Heinen.
5:22 of 2nd period - Stopped by Jake Oettinger without a rebound.
5:23 of 2nd period - Jordan Eberle wins face-off versus Sean Couturier in SAN JOSE Sharks zone.
5:23 of 2nd period - Jordan Eberle is hit by Vincent Desharnais.
5:25 of 2nd period - Shot by Kyle Connor.
5:25 of 2nd period - Shot Blocked by Vincent Desharnais.
5:53 of 2nd period - Shot by Tom Wilson.
5:53 of 2nd period - Shot Misses the Net.
5:55 of 2nd period - Shot by Tom Wilson.
5:55 of 2nd period - Stopped by Scott Wedgewood without a rebound.
5:56 of 2nd period - Zemgus Girgensons wins face-off versus Scott Laughton in MINNESOTA Wild zone.
5:56 of 2nd period - Zemgus Girgensons is hit by Casey Fitzgerald.
6:05 of 2nd period - Off-side.
6:06 of 2nd period - Frank Vatrano wins face-off versus Zemgus Girgensons in neutral zone.
6:21 of 2nd period - Shot by Ondrej Palat.
6:21 of 2nd period - Shot Misses the Net.
6:33 of 2nd period - Shot by Zemgus Girgensons.
6:33 of 2nd period - Shot Misses the Net.
7:50 of 2nd period - Shot by Tyler Toffoli.
7:50 of 2nd period - Shot Misses the Net.
9:00 of 2nd period - Ondrej Palat is hit by Kevin Rooney and loses puck.
9:24 of 2nd period - Shot by Christian Dvorak.
9:24 of 2nd period - Deflect By Marko Dano.
9:24 of 2nd period - Stopped by Jake Oettinger without a rebound.
9:25 of 2nd period - Scott Laughton wins face-off versus Erik Haula in SAN JOSE Sharks zone.
9:32 of 2nd period - Shot by Jordan Greenway.
9:32 of 2nd period - Shot Blocked by Nathan Beaulieu.
9:38 of 2nd period - Shot by Tyler Toffoli.
9:38 of 2nd period - Shot Misses the Net.
9:46 of 2nd period - Shot by Scott Laughton.
9:46 of 2nd period - Stopped by Jake Oettinger without a rebound.
9:47 of 2nd period - Michael McLeod wins face-off versus Frank Vatrano in SAN JOSE Sharks zone.
9:47 of 2nd period - Michael McLeod is hit by Frank Vatrano.
9:55 of 2nd period - Will Butcher is hit by Brendan Perlini and loses puck.
10:12 of 2nd period - Frank Vatrano is hit by Michael McLeod and loses puck.
10:38 of 2nd period - Brendan Perlini is hit by Ryan Murray and loses puck.
10:40 of 2nd period - Minor Penalty to Mike Matheson for Hooking.
10:41 of 2nd period - Zemgus Girgensons wins face-off versus Scott Laughton in MINNESOTA Wild zone.
10:54 of 2nd period - Shot by Nathan Beaulieu.
10:54 of 2nd period - Stopped by Scott Wedgewood with a rebound.
10:56 of 2nd period - Shot by Zemgus Girgensons.
10:56 of 2nd period - Deflect By Ondrej Palat.
10:56 of 2nd period - Shot Misses the Net.
10:58 of 2nd period - Shot by Ondrej Palat.
10:58 of 2nd period - Shot Misses the Net.
11:04 of 2nd period - Shot by Derek Stepan.
11:04 of 2nd period - Stopped by Scott Wedgewood with a rebound.
11:27 of 2nd period - Icing by Zemgus Girgensons.
11:28 of 2nd period - Zemgus Girgensons wins face-off versus Tyler Toffoli in SAN JOSE Sharks zone.
11:33 of 2nd period - Shot by Ondrej Palat.
11:33 of 2nd period - Stopped by Scott Wedgewood with a rebound.
12:04 of 2nd period - Off-side.
12:05 of 2nd period - Kevin Rooney wins face-off versus Sean Couturier in neutral zone.
12:11 of 2nd period - Icing by Sean Couturier .
12:12 of 2nd period - Scott Laughton wins face-off versus Mike Hoffman in SAN JOSE Sharks zone.
12:30 of 2nd period - Icing by Marcus Pettersson.
12:31 of 2nd period - Sean Couturier wins face-off versus Kevin Rooney in SAN JOSE Sharks zone.
12:58 of 2nd period - Shot by Ondrej Palat.
12:58 of 2nd period - Stopped by Scott Wedgewood with a rebound.
13:04 of 2nd period - Shot by Viktor Arvidsson.
13:04 of 2nd period - Deflect By Frank Vatrano.
13:04 of 2nd period - Shot Misses the Net.
13:06 of 2nd period - Shot by Danton Heinen.
13:06 of 2nd period - Stopped by Jake Oettinger without a rebound.
13:07 of 2nd period - Erik Haula wins face-off versus Jordan Eberle in SAN JOSE Sharks zone.
13:09 of 2nd period - Icing by Lucas Raymond.
13:10 of 2nd period - Erik Haula wins face-off versus Jordan Eberle in SAN JOSE Sharks zone.
13:10 of 2nd period - Erik Haula is hit by Nick Bjugstad.
14:32 of 2nd period - Shot by Rasmus Ristolainen.
14:32 of 2nd period - Stopped by Scott Wedgewood without a rebound.
14:33 of 2nd period - Sean Couturier wins face-off versus Danton Heinen in MINNESOTA Wild zone.
15:05 of 2nd period - Icing by Nathan Beaulieu.
15:06 of 2nd period - Scott Laughton wins face-off versus Tom Wilson in SAN JOSE Sharks zone.
15:34 of 2nd period - Icing by Scott Laughton.
15:35 of 2nd period - Scott Laughton wins face-off versus Zemgus Girgensons in MINNESOTA Wild zone.
15:53 of 2nd period - Shot by Zemgus Girgensons.
15:53 of 2nd period - Stopped by Scott Wedgewood without a rebound.
15:54 of 2nd period - Erik Haula wins face-off versus Kyle Connor in MINNESOTA Wild zone.
16:35 of 2nd period - Shot by Kyle Connor.
16:35 of 2nd period - Shot Blocked by Lucas Raymond.
16:37 of 2nd period - Shot by Kyle Connor.
16:37 of 2nd period - Shot Misses the Net.
16:48 of 2nd period - Icing by Vincent Desharnais.
16:49 of 2nd period - Erik Haula wins face-off versus Frank Vatrano in SAN JOSE Sharks zone.
17:01 of 2nd period - Icing by Viktor Arvidsson.
17:02 of 2nd period - Zemgus Girgensons wins face-off versus Frank Vatrano in MINNESOTA Wild zone.
17:19 of 2nd period - Shot by Ondrej Palat.
17:19 of 2nd period - Shot Misses the Net.
17:27 of 2nd period - Shot by Zemgus Girgensons.
17:27 of 2nd period - Stopped by Scott Wedgewood without a rebound.
17:28 of 2nd period - Sean Couturier wins face-off versus Jordan Eberle in MINNESOTA Wild zone.
17:44 of 2nd period - Ty Smith is hit by Nathan Beaulieu and loses puck.
17:50 of 2nd period - Minor Penalty to Nathan Beaulieu for Tripping.
17:50 of 2nd period - Minor Penalty to Kyle Connor for Tripping.
17:51 of 2nd period - Kevin Rooney wins face-off versus Zemgus Girgensons in SAN JOSE Sharks zone.
17:58 of 2nd period - Shot by Jordan Greenway.
17:58 of 2nd period - Shot Misses the Net.
18:22 of 2nd period - Shot by Mike Matheson.
18:22 of 2nd period - Shot Misses the Net.
18:28 of 2nd period - Shot by Jordan Greenway.
18:28 of 2nd period - Stopped by Jake Oettinger without a rebound.
18:29 of 2nd period - Marko Dano wins face-off versus Zemgus Girgensons in SAN JOSE Sharks zone.
18:50 of 2nd period - Shot by Ondrej Palat.
18:50 of 2nd period - Stopped by Scott Wedgewood with a rebound.
19:56 of 2nd period - Shot by Josh Anderson.
19:56 of 2nd period - Deflect By Brendan Perlini.
19:56 of 2nd period - Shot Blocked by Mike Matheson.
Goals for this period are 0 for MINNESOTA Wild vs 1 for SAN JOSE Sharks .
Shots for this period are 6 for MINNESOTA Wild vs 13 for SAN JOSE Sharks .

3rd period


0:01 of 3rd period - Jordan Eberle wins face-off versus Zemgus Girgensons in neutral zone.
0:28 of 3rd period - Shot by Derek Stepan.
0:28 of 3rd period - Shot Misses the Net.
0:30 of 3rd period - Shot by Ondrej Palat.
0:30 of 3rd period - Stopped by Scott Wedgewood without a rebound.
0:31 of 3rd period - Sean Couturier wins face-off versus Scott Laughton in MINNESOTA Wild zone.
0:32 of 3rd period - Shot by Mike Hoffman.
0:32 of 3rd period - Stopped by Scott Wedgewood without a rebound.
0:33 of 3rd period - Tyler Toffoli wins face-off versus Sean Couturier in MINNESOTA Wild zone.
1:03 of 3rd period - Shot by Scott Laughton.
1:03 of 3rd period - Shot Misses the Net.
1:21 of 3rd period - Icing by Nathan Beaulieu.
1:22 of 3rd period - Jordan Eberle wins face-off versus Sean Couturier in SAN JOSE Sharks zone.
1:47 of 3rd period - Shot by Jordan Eberle.
1:47 of 3rd period - Stopped by Jake Oettinger without a rebound.
1:48 of 3rd period - Frank Vatrano wins face-off versus Zemgus Girgensons in SAN JOSE Sharks zone.
2:00 of 3rd period - Icing by Marcus Pettersson.
2:01 of 3rd period - Zemgus Girgensons wins face-off versus Kevin Rooney in SAN JOSE Sharks zone.
2:12 of 3rd period - Shot by Zemgus Girgensons.
2:12 of 3rd period - Shot Misses the Net.
2:37 of 3rd period - Shot by Kevin Rooney.
2:37 of 3rd period - Shot Misses the Net.
2:39 of 3rd period - Shot by Mike Matheson.
2:39 of 3rd period - Stopped by Jake Oettinger without a rebound.
2:40 of 3rd period - Nick Bjugstad wins face-off versus Erik Haula in SAN JOSE Sharks zone.
2:43 of 3rd period - Shot by Jordan Eberle.
2:43 of 3rd period - Shot Misses the Net.
3:21 of 3rd period - Shot by Erik Haula.
3:21 of 3rd period - Stopped by Scott Wedgewood without a rebound.
3:22 of 3rd period - Sean Couturier wins face-off versus Frank Vatrano in MINNESOTA Wild zone.
3:37 of 3rd period - Shot by Viktor Arvidsson.
3:37 of 3rd period - Stopped by Jake Oettinger without a rebound.
3:38 of 3rd period - Derek Stepan wins face-off versus Scott Laughton in SAN JOSE Sharks zone.
3:38 of 3rd period - Derek Stepan is hit by Jordan Greenway.
4:05 of 3rd period - Victor Mete is hit by Ondrej Palat and loses puck.
4:21 of 3rd period - Icing by Jordan Greenway.
4:22 of 3rd period - Scott Laughton wins face-off versus Sean Couturier in MINNESOTA Wild zone.
4:22 of 3rd period - Scott Laughton is hit by Tom Wilson.
5:23 of 3rd period - Icing by Ryan Murray.
5:24 of 3rd period - Frank Vatrano wins face-off versus Zemgus Girgensons in MINNESOTA Wild zone.
5:24 of 3rd period - Frank Vatrano is hit by Ondrej Palat.
5:50 of 3rd period - Shot by Kyle Connor.
5:50 of 3rd period - Stopped by Jake Oettinger without a rebound.
5:51 of 3rd period - Erik Haula wins face-off versus Scott Laughton in SAN JOSE Sharks zone.
6:21 of 3rd period - Shot by Connor Brown.
6:21 of 3rd period - Goal by Connor Brown - MINNESOTA Wild : 2 - SAN JOSE Sharks : 2.
6:22 of 3rd period - Jordan Eberle wins face-off versus Zemgus Girgensons in neutral zone.
6:25 of 3rd period - Shot by Ty Smith.
6:25 of 3rd period - Shot Hit the Post.
6:36 of 3rd period - Zemgus Girgensons is hit by Casey Fitzgerald and loses puck.
6:50 of 3rd period - Shot by Derek Stepan.
6:50 of 3rd period - Stopped by Scott Wedgewood without a rebound.
6:51 of 3rd period - Frank Vatrano wins face-off versus Mike Hoffman in MINNESOTA Wild zone.
7:22 of 3rd period - Shot by Danton Heinen.
7:22 of 3rd period - Shot Blocked by Christian Jaros.
7:24 of 3rd period - Shot by Ryan Murray.
7:24 of 3rd period - Stopped by Jake Oettinger with a rebound.
7:26 of 3rd period - Shot by Frank Vatrano.
7:26 of 3rd period - Stopped by Jake Oettinger without a rebound.
7:27 of 3rd period - Nick Bjugstad wins face-off versus Zemgus Girgensons in SAN JOSE Sharks zone.
7:28 of 3rd period - Shot by Kyle Connor.
7:28 of 3rd period - Shot Misses the Net.
7:37 of 3rd period - Kyle Connor is hit by Rasmus Ristolainen and loses puck.
7:57 of 3rd period - Shot by Derek Stepan.
7:57 of 3rd period - Shot Blocked by Ty Smith.
8:01 of 3rd period - Shot by Ondrej Palat.
8:01 of 3rd period - Stopped by Scott Wedgewood without a rebound.
8:02 of 3rd period - Scott Laughton wins face-off versus Michael McLeod in MINNESOTA Wild zone.
8:15 of 3rd period - Shot by Tyler Toffoli.
8:15 of 3rd period - Shot Misses the Net.
8:45 of 3rd period - Shot by Scott Laughton.
8:45 of 3rd period - Stopped by Jake Oettinger with a rebound.
9:16 of 3rd period - Shot by Frank Vatrano.
9:16 of 3rd period - Stopped by Jake Oettinger with a rebound.
9:18 of 3rd period - Shot by Danton Heinen.
9:18 of 3rd period - Shot Blocked by Cody Ceci.
10:52 of 3rd period - Shot by Kevin Rooney.
10:52 of 3rd period - Shot Misses the Net.
10:54 of 3rd period - Shot by Marko Dano.
10:54 of 3rd period - Shot Blocked by Michael McLeod.
10:56 of 3rd period - Shot by Marko Dano.
10:56 of 3rd period - Stopped by Jake Oettinger without a rebound.
10:57 of 3rd period - Zemgus Girgensons wins face-off versus Scott Laughton in SAN JOSE Sharks zone.
11:08 of 3rd period - Shot by Ondrej Palat.
11:08 of 3rd period - Shot Misses the Net.
11:10 of 3rd period - Shot by Ondrej Palat.
11:10 of 3rd period - Shot Blocked by Will Butcher.
11:35 of 3rd period - Ondrej Palat is hit by Victor Mete and loses puck.
11:59 of 3rd period - Mike Hoffman is hit by Ryan Murray and loses puck.
12:18 of 3rd period - Shot by Tom Wilson.
12:18 of 3rd period - Shot Blocked by Nick Bjugstad.
12:26 of 3rd period - Shot by Tom Wilson.
12:26 of 3rd period - Shot Misses the Net.
12:28 of 3rd period - Shot by Sean Couturier .
12:28 of 3rd period - Shot Misses the Net.
12:30 of 3rd period - Shot by Sean Couturier .
12:30 of 3rd period - Stopped by Scott Wedgewood without a rebound.
12:31 of 3rd period - Lucas Raymond wins face-off versus Frank Vatrano in MINNESOTA Wild zone.
12:38 of 3rd period - Shot by Lucas Raymond.
12:38 of 3rd period - Stopped by Scott Wedgewood without a rebound.
12:39 of 3rd period - Erik Haula wins face-off versus Frank Vatrano in MINNESOTA Wild zone.
12:40 of 3rd period - Shot by Marcus Pettersson.
12:40 of 3rd period - Shot Misses the Net.
12:54 of 3rd period - Shot by Danton Heinen.
12:54 of 3rd period - Shot Misses the Net.
12:56 of 3rd period - Shot by Viktor Arvidsson.
12:56 of 3rd period - Shot Blocked by Erik Haula.
12:58 of 3rd period - Shot by Frank Vatrano.
12:58 of 3rd period - Stopped by Jake Oettinger without a rebound.
12:59 of 3rd period - Zemgus Girgensons wins face-off versus Jordan Eberle in SAN JOSE Sharks zone.
13:18 of 3rd period - Shot by Zemgus Girgensons.
13:18 of 3rd period - Deflect By Derek Stepan.
13:18 of 3rd period - Shot Misses the Net.
14:04 of 3rd period - Viktor Arvidsson is hit by Rasmus Ristolainen.
14:20 of 3rd period - Shot by Sean Couturier .
14:20 of 3rd period - Shot Blocked by Frank Vatrano.
15:25 of 3rd period - Shot by Kevin Rooney.
15:25 of 3rd period - Shot Misses the Net.
15:27 of 3rd period - Shot by Will Butcher.
15:27 of 3rd period - Shot Misses the Net.
15:34 of 3rd period - Icing by Nathan Beaulieu.
15:35 of 3rd period - Tyler Toffoli wins face-off versus Erik Haula in SAN JOSE Sharks zone.
15:35 of 3rd period - Tyler Toffoli is hit by Nathan Beaulieu.
16:28 of 3rd period - Icing by Zemgus Girgensons.
16:29 of 3rd period - Zemgus Girgensons wins face-off versus Frank Vatrano in SAN JOSE Sharks zone.
17:17 of 3rd period - Frank Vatrano is hit by Tom Wilson and loses puck.
17:21 of 3rd period - Off-side.
17:22 of 3rd period - Michael McLeod wins face-off versus Jordan Eberle in neutral zone.
18:33 of 3rd period - Shot by Tom Wilson.
18:33 of 3rd period - Shot Misses the Net.
18:49 of 3rd period - Shot by Tyler Toffoli.
18:49 of 3rd period - Goal by Tyler Toffoli - MINNESOTA Wild : 3 - SAN JOSE Sharks : 2.
18:50 of 3rd period - Derek Stepan wins face-off versus Frank Vatrano in neutral zone.
19:04 of 3rd period - Ty Smith is hit by Vincent Desharnais and loses puck.
19:23 of 3rd period - Shot by Viktor Arvidsson.
19:23 of 3rd period - Shot Misses the Net.
19:27 of 3rd period - Shot by Danton Heinen.
19:27 of 3rd period - Stopped by Jake Oettinger without a rebound.
19:28 of 3rd period - Zemgus Girgensons wins face-off versus Jordan Eberle in SAN JOSE Sharks zone.
19:34 of 3rd period - SAN JOSE Sharks , Jake Oettinger is pulled from the net.
19:56 of 3rd period - Shot by Ondrej Palat.
19:56 of 3rd period - Shot Blocked by Will Butcher.
Goals for this period are 1 for MINNESOTA Wild vs 1 for SAN JOSE Sharks .
Shots for this period are 12 for MINNESOTA Wild vs 8 for SAN JOSE Sharks .